 Dungeon Crawl Stone Soup version 0.31-a0-1074-g0b22e4e0f1 (console) character file.

Game seed: 10864541693078059886

1351 jejorda2 the Chopper (level 8, -1/67 HPs)
             Began as a Gnoll Berserker on Dec 4, 2023.
             Was a Priest of Trog.
             Slain by Prince Ribbit (10 damage)
             ... on level 6 of the Dungeon.
             The game lasted 00:08:24 (3614 turns).

jejorda2 the Chopper (Gnoll Berserker)              Turns: 3614, Time: 00:08:24

Health: -1/67      AC: 12    Str: 18    XL:     8   Next: 63%
Magic:  13/13      EV: 14    Int:  7    God:    Trog [***...]
Gold:   195        SH:  0    Dex: 12    Spells: 14/14 levels left

rFire   . . .        a - +0 war axe
rCold   . . .        (no shield)
rNeg    . . .        x - +2 chain mail {Will+}
rPois   .            (no helmet)
rElec   .            (no cloak)
rCorr   .            (no gloves)
SInv    .            (no boots)
Will    +....        (no amulet) Stlth
                     r - +4 ring of slaying
HPRegen 0.31/turn    s - +5 ring of evasion
MPRegen 0.13/turn

%: no passive effects
@: on berserk cooldown, slowed, very slow
A: fangs 1, strong nose, distributed training
a: Renounce Religion, Berserk, Trog's Hand


You were on level 6 of the Dungeon.
You worshipped Trog.
Trog was most pleased with you.
You visited 1 branch of the dungeon, and saw 6 of its levels.

You collected 195 gold pieces.

Inventory:

Hand Weapons
 a - a +0 war axe (weapon)
 w - a +4 flail of holy wrath
Missiles
 b - a curare-tipped dart
 c - 5 poisoned darts
 f - 4 javelins
 t - 2 boomerangs
Armour
 x - a +2 chain mail of willpower (worn)
Jewellery
 i - a ring of fire
 q - a ring of ice
 r - a +4 ring of slaying (left hand)
 s - a +5 ring of evasion (right hand)
Wands
 v - a wand of mindburst (15)
 y - a wand of flame (12)
Scrolls
 d - a scroll of immolation
 e - 2 scrolls of identify
 h - 4 scrolls of teleportation
 j - a scroll of fear
 p - a scroll of revelation
Potions
 g - 2 potions of haste
 k - a potion of curing
 l - a potion of heal wounds
 o - a potion of enlightenment


   Skills:
 + Level 7.5 Fighting
 + Level 3.5 Short Blades
 + Level 3.5 Long Blades
 + Level 7.5 Axes
 + Level 3.5 Maces & Flails
 + Level 3.5 Polearms
 + Level 3.5 Staves
 + Level 3.5 Ranged Weapons
 + Level 3.5 Throwing
 + Level 5.8 Armour
 + Level 5.8 Dodging
 + Level 3.5 Stealth
 + Level 3.5 Shields
 + Level 3.5 Unarmed Combat
 + Level 3.5 Spellcasting
 + Level 2.9 Conjurations
 + Level 2.9 Hexes
 + Level 2.9 Summonings
 + Level 2.9 Necromancy
 + Level 2.9 Translocations
 + Level 2.9 Transmutations
 + Level 2.9 Fire Magic
 + Level 2.9 Ice Magic
 + Level 2.9 Air Magic
 + Level 2.9 Earth Magic
 + Level 2.9 Poison Magic
 + Level 3.9 Invocations
 + Level 3.5 Evocations
 + Level 3.2 Shapeshifting


You had 14 spell levels left.
You didn't know any spells.
Your spell library was empty.

Dungeon Overview and Level Annotations

Branches:
Dungeon (6/15)             Temple (0/1) D:4

Altars:
Cheibriados
Dithmenos
Hepliaklqana
Qazlal
Sif Muna
Trog
Uskayaw
Wu Jian
Xom

Annotations:
D:6 Prince Ribbit


Innate Abilities, Weirdness & Mutations

You have very sharp teeth.
Your uncanny sense of smell can sniff out nearby items.
Your experience applies equally to all skills.


Message History

You feel a strong urge to attack something.
You start resting.
You feel your anger nearly subside.
You are no longer berserk.
You are exhausted.
You feel yourself slow down.
You start resting.
A howler monkey comes into view.
A howler monkey is nearby!
The howler monkey howls!
The howler monkey hits you but does no damage.
The howler monkey hits you.
You are too injured to fight recklessly!
You hit the howler monkey.
The howler monkey is moderately wounded.
The howler monkey closely misses you. x2
You closely miss the howler monkey.
The howler monkey is moderately wounded.
The howler monkey misses you.
The howler monkey hoots and howls with incredible vigour!
Something shouts, "Slither home, thou feckless base-court bugbear!"
You hear a loud, deep croak!
You hear an angry hiss.
You hear a bark!
You hear a shout! x2
You slash the howler monkey!
You kill the howler monkey!
Trog accepts your kill.
Prince Ribbit comes into view.
Prince Ribbit hits you! Prince Ribbit closely misses you.
Prince Ribbit hits you!
* * * LOW HITPOINT WARNING * * *
You barely miss Prince Ribbit. Prince Ribbit closely misses you.
Prince Ribbit hits you.
* * * LOW HITPOINT WARNING * * *
Prince Ribbit hits you but does no damage.
You barely miss Prince Ribbit.
Prince Ribbit blinks!
Prince Ribbit hits you!
* * * LOW HITPOINT WARNING * * *
You slash Prince Ribbit!
Prince Ribbit is lightly wounded.
Prince Ribbit hits you!
You die...

,,,,,,,,,,,,,,,,,............,,,,
,,,,***********#.............,,,,
,,,,,,,,,,,,,,,..............,,,,
*,,,****#*######..,........,,,,,,
,,,,,,,,..#......#+#......,,,,,,,
,,*****,*,.......#.#....###..,,,,
,,,,,,,,*,*...#..#.#.........,,,,
,,,,,,,,#.###.#..#...<.....#,,,,,
,,,,,,,,#.......@#...........,,,,
,,,,,,..#####.#F##...........**,,
,,,,,,..............###......**>,
,,,,,,#.#####.#.....#,,......**,,
,*,,,,......#.#.....#,,...#+#**,,
,*,,,,..##....#.#####.,,....,,,,,
,*,***......).)........,....,,,,,
,*,,,,......)...#.F....,,,,,,,,,,
,,,,,,.#....#)###......,,,,,**,,,


You could see Prince Ribbit.

Vanquished Creatures
  Edmund (D:4)
  2 black bears
  2 ice beasts
  An ogre (D:6)
  2 centaurs (D:5)
  A kobold brigand (D:6)
  A phantom (D:5)
  3 howler monkeys
  A jelly (D:4)
  2 orc priests
  Jessica (D:3)
  4 orc wizards
  An iguana (D:5)
  5 adders
  A white imp (D:5)
  A shadow imp (D:6)
  3 worms
  2 dart slugs
  8 orcs
  4 bats (D:3)
  7 endoplasms
  2 giant cockroaches
  10 goblins
  A hobgoblin (D:3)
  7 kobolds
  5 quokkas
  4 ball pythons
  6 rats
88 creatures vanquished.

Notes
Turn   | Place    | Note
-------+----------+-------------------------------------------
     0 | D:1      | jejorda2 the Gnoll Berserker began the quest for the Orb.
     0 | D:1      | Reached XP level 1. HP: 23/23 MP: 1/1
    48 | D:1      | Reached XP level 2. HP: 29/29 MP: 2/2
   564 | D:2      | Reached XP level 3. HP: 35/35 MP: 3/3
   898 | D:2      | Reached skill level 1 in Invocations
  1139 | D:3      | Reached skill level 1 in Short Blades
  1139 | D:3      | Reached skill level 1 in Long Blades
  1139 | D:3      | Reached skill level 1 in Maces & Flails
  1139 | D:3      | Reached skill level 1 in Polearms
  1139 | D:3      | Reached skill level 1 in Staves
  1139 | D:3      | Reached skill level 1 in Ranged Weapons
  1139 | D:3      | Reached skill level 1 in Throwing
  1139 | D:3      | Reached skill level 1 in Stealth
  1139 | D:3      | Reached skill level 1 in Shields
  1139 | D:3      | Reached skill level 1 in Unarmed Combat
  1139 | D:3      | Reached skill level 1 in Spellcasting
  1139 | D:3      | Reached skill level 1 in Evocations
  1139 | D:3      | Reached skill level 1 in Shapeshifting
  1139 | D:3      | Reached XP level 4. HP: 41/41 MP: 5/5
  1145 | D:3      | Reached skill level 1 in Conjurations
  1145 | D:3      | Reached skill level 1 in Hexes
  1145 | D:3      | Reached skill level 1 in Summonings
  1145 | D:3      | Reached skill level 1 in Necromancy
  1145 | D:3      | Reached skill level 1 in Translocations
  1145 | D:3      | Reached skill level 1 in Transmutations
  1145 | D:3      | Reached skill level 1 in Fire Magic
  1145 | D:3      | Reached skill level 1 in Ice Magic
  1145 | D:3      | Reached skill level 1 in Air Magic
  1145 | D:3      | Reached skill level 1 in Earth Magic
  1145 | D:3      | Reached skill level 1 in Poison Magic
  1274 | D:3      | Reached ** piety under Trog
  1290 | D:3      | Found an ornate altar of the Wu Jian Council.
  1534 | D:3      | Reached XP level 5. HP: 47/47 MP: 5/7
  1618 | D:3      | Noticed Jessica
  1624 | D:3      | Killed Jessica
  1919 | D:4      | Found a shimmering altar of Xom.
  1929 | D:4      | Found a shimmering altar of Xom.
  1946 | D:4      | Reached XP level 6. HP: 50/53 MP: 8/8
  1954 | D:4      | Noticed Edmund
  1976 | D:4      | Killed Edmund
  1977 | D:4      | Reached skill level 5 in Armour
  1977 | D:4      | Reached skill level 5 in Dodging
  2128 | D:4      | Found a staircase to the Ecumenical Temple.
  2275 | D:4      | Noticed a black bear
  2283 | D:4      | Killed a black bear
  2284 | D:4      | Reached XP level 7. HP: 56/59 MP: 10/10
  2302 | D:4      | Found a bloodstained altar of Trog.
  2342 | D:4      | Found a hide-covered altar of Uskayaw.
  2580 | D:4      | Found a shimmering blue altar of Sif Muna.
  2623 | D:5      | Entered Level 5 of the Dungeon
  2767 | D:5      | Found a hazy altar of Hepliaklqana.
  2780 | D:5      | Found a stormy altar of Qazlal.
  2780 | D:5      | Found a snail-covered altar of Cheibriados.
  2781 | D:5      | Found a shadowy altar of Dithmenos.
  3078 | D:5      | Reached XP level 8. HP: 65/67 MP: 12/12
  3594 | D:6      | Reached *** piety under Trog
  3605 | D:6      | Noticed Prince Ribbit
  3614 | D:6      | Slain by Prince Ribbit

Illustrated notes

Levels and vault maps discovered:
D:1:      wander_arrival_chamber, layout_rooms
D:2:      layout_loops_cross
D:3:      layout_loops_ring, nzn_wu_jian_contemplation, uniq_jessica
D:4:      layout_rooms, mainiacjoe_overflow_small_starburst, xom_redecorated,
          tgw_sif, amcnicky_altar_gilded, minmay_temple_entry_fiery,
          serial_bayou, serial_bayou_pond_d, serial_bayou_lake_a,
          serial_bayou_ford_a, serial_bayou_pond_d, serial_bayou_pond_b,
          serial_bayou_pond_c, uniq_edmund
D:5:      layout_basic, chequers_temple_overflow_statue_of_worship
D:6:      layout_basic, uniq_prince_ribbit1

Skill      XL: |  1  2  3  4  5  6  7  8 |
---------------+-------------------------+-----
Invocations    | 1 2 3 |  3.9
Short Blades   | 1 2 3 |  3.5
Long Blades    | 1 2 3 |  3.5
Maces & Flails | 1 2 3 |  3.5
Polearms       | 1 2 3 |  3.5
Staves         | 1 2 3 |  3.5
Ranged Weapons | 1 2 3 |  3.5
Throwing       | 1 2 3 |  3.5
Stealth        | 1 2 3 |  3.5
Shields        | 1 2 3 |  3.5
Unarmed Combat | 1 2 3 |  3.5
Spellcasting   | 1 2 3 |  3.5
Evocations     | 1 2 3 |  3.5
Shapeshifting  | 1 2 3 |  3.2
Conjurations   | 1 2 |  2.9
Hexes          | 1 2 |  2.9
Summonings     | 1 2 |  2.9
Necromancy     | 1 2 |  2.9
Translocations | 1 2 |  2.9
Transmutations | 1 2 |  2.9
Fire Magic     | 1 2 |  2.9
Ice Magic      | 1 2 |  2.9
Air Magic      | 1 2 |  2.9
Earth Magic    | 1 2 |  2.9
Poison Magic   | 1 2 |  2.9
Armour         | 5 |  5.8
Dodging        | 5 |  5.8
Fighting       | 7 |  7.5
Axes           | 7 |  7.5

Action                     |  1- 3 |  4- 6 |  7- 9 || total
---------------------------+-------+-------+-------++-------
  Melee: Hand axe          |    69 |    37 |       ||   106
         Bite              |     5 |     9 |     8 ||    22
         Punch             |     2 |     2 |       ||     4
         War axe           |       |    40 |    68 ||   108
 Invoke: Berserk           |     1 |     2 |     1 ||     4
         Trog's Hand       |       |     1 |       ||     1
  Evoke: Wand              |       |       |     1 ||     1
    Use: Scroll            |       |       |    13 ||    13
 Armour: Animal skin       |     2 |       |       ||     2
         Ring mail         |    12 |       |       ||    12
         Leather armour    |     2 |       |       ||     2
         Chain mail        |    22 |    40 |    63 ||   125
  Dodge: Dodged            |    34 |    44 |    47 ||   125

Table legend: (Time is in decaauts)
 A = Elapsed time spent in this place.
 B = Non-inter-level travel time spent in this place.
 C = Inter-level travel time spent in this place.
 D = Time resting spent in this place.
 E = Time spent auto-exploring this place.
 F = Levels seen in this place.
 G = Mean time per level.
                   A        B        C        D        E       F      G
               +--------+--------+--------+--------+--------+-----+--------+
         Total |   3696 |   3458 |    238 |    124 |   2624 |   6 |  616.0 |
       Dungeon |   3696 |   3458 |    238 |    124 |   2624 |   6 |  616.0 |
               +--------+--------+--------+--------+--------+-----+--------+

Top non-repeatable levels by time:
     D:4: 828 daAuts
     D:5: 812 daAuts
     D:3: 754 daAuts
     D:2: 641 daAuts
     D:1: 468 daAuts
     D:6: 191 daAuts
